Eagles vs Wolfpack
(R1)
Created - October 25, 2024 at 19:39
Goals
|
| Eagles |
3 |
0 |
2 |
5 |
| Wolfpack |
0 |
1 |
2 |
3 |
|
Shots
|
| Eagles |
15 |
6 |
14 |
35 |
| Wolfpack |
13 |
7 |
14 |
34 |
|
1st period
1. Eagles , Zach Aston-Reese 4 (Brett Leason 1) at 2:18
2. Eagles , Jonathan Racine 2 (Sam Steel 1, Jared McCann 2) at 9:17
3. Eagles , Matthew Phillips 1 (Michael Carcone 1, Gabriel Vilardi 1) at 14:07
Penalties :
Mattias Samuelsson (Col) for Cross-checking (Minor) at 9:44
2nd period
4. Wolfpack , Alex Barre-Boulet 2 (Alexander Barabanov 2) at 7:51
Penalties :
Ryan Culkin (Har) for High sticking (Double Minor) at 11:33, Alexander Barabanov (Har) for High sticking (Minor) at 18:45
3rd period
5. Eagles , Jack Hughes 1 (Matthew Phillips 2) at 0:41 (PP)
6. Wolfpack , Jakub Lauko 1 (Alexander Volkov 1, Derrick Pouliot 3) at 2:23
7. Wolfpack , Sebastian Collberg 1 (Nolan Patrick 1, Dryden Hunt 1) at 4:44
8. Eagles , Matteson Iacopelli 1 (Jonathan Racine 2) at 12:15
Penalties :
No Penalty
Goalie Stats
Adin Hill (Col), 31 saves from 34 shots - (0.912), W, 2-1-0, 60:00 minutes
Charlie Lindgren (Har), 30 saves from 35 shots - (0.857), L, 1-1-0, 60:00 minutes
Players Stats for Eagles
Player Name G A P +/- PIM S H SB GA TA FO MP PP MP PK MP
------------------------------------------------------------------------------------
Brett Leason 0 1 1 1 0 0 0 0 0 0 0/0 9:37 0:36 0:00
Connor Carrick 0 0 0 -1 0 0 1 1 0 0 0/0 20:09 0:16 1:23
Gabriel Vilardi 0 1 1 0 0 4 1 1 0 0 1/1 20:05 2:32 0:27
Jack Dougherty 0 0 0 -1 0 1 0 0 1 0 0/0 21:21 2:48 0:36
Jack Hughes 1 0 1 0 0 4 0 0 3 1 12/22 19:51 2:47 0:00
Jared McCann 0 1 1 -1 0 3 4 1 0 0 8/14 19:47 2:32 1:10
Jonathan Racine 1 1 2 3 0 1 1 0 0 1 0/0 19:18 2:51 0:36
Keaton Middleton 0 0 0 -1 0 4 1 1 3 1 0/0 22:45 3:04 1:23
Kevin Bahl 0 0 0 3 0 0 1 0 0 1 0/0 15:44 0:00 0:00
Matteson Iacopelli 1 0 1 -1 0 5 0 0 0 0 0/2 16:26 0:36 0:00
Matthew Phillips 1 1 2 1 0 2 1 0 0 0 0/1 12:43 2:47 0:00
Mattias Samuelsson 0 0 0 -1 2 1 1 2 0 0 0/0 20:55 2:51 0:00
Michael Carcone 0 1 1 0 0 2 2 0 0 1 1/2 20:00 2:32 0:22
Michael Dal Colle 0 0 0 1 0 1 1 1 0 0 0/0 9:17 0:00 0:22
Pius Suter 0 0 0 1 0 2 3 0 1 1 0/0 12:43 2:47 0:00
Sam Steel 0 1 1 1 0 0 1 0 0 2 3/8 10:23 0:00 0:27
Tyler Motte 0 0 0 -1 0 1 3 0 0 2 0/0 17:13 0:00 1:10
Zach Aston-Reese 1 0 1 1 0 4 0 0 0 0 4/5 9:43 0:36 0:00
Players Stats for Wolfpack
Player Name G A P +/- PIM S H SB GA TA FO MP PP MP PK MP
------------------------------------------------------------------------------------
Alex Barre-Boulet 1 0 1 -1 0 3 3 0 1 1 6/15 16:58 0:55 1:01
Alexander Barabanov 0 1 1 -1 2 5 1 0 1 0 1/1 17:27 0:55 1:30
Alexander Volkov 0 1 1 1 0 2 1 0 0 0 1/1 9:08 0:00 0:00
Cale Fleury 0 0 0 -2 0 0 0 3 1 1 0/0 14:31 0:00 1:26
Colton White 0 0 0 2 0 2 0 1 0 2 0/0 25:25 1:01 3:22
Derrick Pouliot 0 1 1 2 0 4 1 0 1 1 0/0 25:25 1:01 3:22
Dryden Hunt 0 1 1 1 0 0 1 0 1 0 0/2 20:57 1:04 3:12
Jake Marchment 0 0 0 -2 0 0 2 1 1 0 1/4 13:01 0:00 1:46
Jakub Lauko 1 0 1 1 0 1 0 1 0 0 0/0 9:08 0:00 0:00
Joshua Jacobs 0 0 0 -2 0 0 0 0 0 0 0/0 14:15 0:00 0:35
K'Andre Miller 0 0 0 -1 0 1 2 1 0 1 0/0 21:30 0:58 2:33
Linus Sandin 0 0 0 -2 0 1 1 0 0 0 0/0 10:46 0:00 0:00
Nolan Patrick 0 1 1 1 0 3 2 0 0 0 15/28 20:40 1:04 2:55
Owen Tippet 0 0 0 -1 0 4 2 1 0 0 0/1 15:52 0:55 0:00
Ryan Culkin 0 0 0 -1 4 1 1 2 2 2 0/0 19:21 0:58 0:32
Sebastian Collberg 1 0 1 1 0 4 2 0 2 0 1/2 17:45 1:04 0:00
Shane Pinto 0 0 0 1 0 1 0 0 0 0 1/1 9:08 0:00 0:00
Yegor Korshkov 0 0 0 -2 0 2 1 0 0 0 0/0 12:46 0:00 1:26
3 Stars
1 - Jonathan Racine (Col)
2 - Matthew Phillips (Col)
3 - Zach Aston-Reese (Col)
Power Play
Eagles - 1 on 3 Attempt(s) - 33.33%
Wolfpack - 0 on 1 Attempt(s) - 0.00%
Penalty Kill
Eagles - 1 on 1 Attempt(s) - 100.00%
- Score 0 goal in Penalty Kill
Wolfpack - 2 on 3 Attempt(s) - 66.67%
- Score 0 goal in Penalty Kill
Team Stat
Eagles - Hits : 21 - Faceoff Wins : 29 - Blocked Shots : 7 - Penalty Minutes : 2
Wolfpack - Hits : 20 - Faceoff Wins : 26 - Blocked Shots : 10 - Penalty Minutes : 6
Official
Referees : Chris Schlenker and Dean Morton
Linesman : Pierre Racicot and Kiel Murchison
Game Notes
No Game Note
Finance
Level 1 -- Attendance: 1769 (88.45%) -- Ticket Income $123,830
Level 2 -- Attendance: 893 (89.30%) -- Ticket Income $35,720
Total Attendance: 2662 (88.73%)
Total Ticket Income: $159,550
Other Income: $7,978
Total Income: $167,528
Eagles
5 vs 5 Forward
Center Left Wing Right Wing Time % Phy DF OF
1 Jack Hughes Michael Carcone Gabriel Vilardi 36 1 1 3
2 Jared McCann Tyler Motte Matteson Iacopelli 33 1 1 3
3 Sam Steel Pius Suter Matthew Phillips 21 1 2 2
4 Zach Aston-Reese Michael Dal Colle Brett Leason 10 1 2 2
5 vs 5 Defense
Defense Defense Time % Phy DF OF
1 Connor Carrick Keaton Middleton 35 1 2 2
2 Jack Dougherty Mattias Samuelsson 35 1 2 2
3 Kevin Bahl Jonathan Racine 30 1 3 1
4 Connor Carrick Jack Dougherty 0 0 5 0
PowerPlay Forward
Center Left Wing Right Wing Time % Phy DF OF
1 Jared McCann Michael Carcone Gabriel Vilardi 50 1 1 3
2 Jack Hughes Pius Suter Matthew Phillips 50 1 1 3
PowerPlay Defense
Defense Defense Time % Phy DF OF
1 Jack Dougherty Keaton Middleton 55 1 1 3
2 Jonathan Racine Mattias Samuelsson 45 1 1 3
Penalty Kill 4 Players Forward
Center Wing Time % Phy DF OF
1 Jared McCann Tyler Motte 65 1 3 1
2 Sam Steel Gabriel Vilardi 35 1 3 1
Penalty Kill 4 Players Defense
Defense Defense Time % Phy DF OF
1 Keaton Middleton Connor Carrick 65 1 3 1
2 Jack Dougherty Mattias Samuelsson 35 1 3 1
Penalty Kill - 3 Players Forward
Forward Time % Phy DF OF
1 Jared McCann 65 1 4 0
2 Tyler Motte 35 1 4 0
Penalty Kill - 3 Players Defense
Defense Defense Time % Phy DF OF
1 Keaton Middleton Connor Carrick 70 1 4 0
2 Jack Dougherty Mattias Samuelsson 30 1 4 0
4 vs 4 Forward
Center Wing Time % Phy DF OF
1 Jared McCann Michael Carcone 50 1 2 2
2 Jack Hughes Gabriel Vilardi 50 1 2 2
4 vs 4 Defense
Defense Defense Time % Phy DF OF
1 Connor Carrick Jack Dougherty 50 1 2 2
2 Keaton Middleton Jonathan Racine 50 1 2 2
Last Minutes Offensive
Center Left Wing Right Wing Defense Defense
Jack Hughes Michael Carcone Gabriel Vilardi Jack Dougherty Keaton Middleton
Last Minutes Defensive
Center Left Wing Right Wing Defense Defense
Jared McCann Tyler Motte Gabriel Vilardi Connor Carrick Keaton Middleton
Goaltenders
Starting : Adin Hill
Backup : Daniel Altshuller
Extra Forwards
Normal : Zach Aston-Reese, Brett Leason, Michael Dal Colle - PP : Zach Aston-Reese, Brett Leason - PK : Michael Carcone
Extra Defensemen
Normal : Kevin Bahl, Jonathan Racine, Mattias Samuelsson - PP : Connor Carrick - PK : Jonathan Racine, Kevin Bahl
Penalty Shots
Jack Hughes, Gabriel Vilardi, Jared McCann, Pius Suter, Brett Leason
Custom OT Lines Forwards
Jared McCann, Michael Carcone, Zach Aston-Reese, Tyler Motte, Gabriel Vilardi, Sam Steel, Jack Hughes, Matteson Iacopelli, Pius Suter, Michael Dal Colle
Custom OT Lines Defensemen
Connor Carrick, Jack Dougherty, Keaton Middleton, Jonathan Racine, Mattias Samuelsson
Scratches
Chris Calhan (Healthy), Dominik Kubalik (Healthy), Mark Friedman (Healthy), Tyler Tucker (Healthy), Xavier Ouellet (Healthy)
Alexander Nylander (Healthy), Max Lajoie (Healthy), Pascal Laberge (Healthy), Marian Studenic (Healthy), Ilya Nikolaev (Healthy)
Santeri Hatakka (Healthy), Jacob Leguerrier (Healthy), Elmer Soderblom (Healthy), Zachary Emond (Healthy), Linus Ullmark (Healthy)
Hugo Alnefelt (Healthy)
Wolfpack
5 vs 5 Forward
Center Left Wing Right Wing Time % Phy DF OF
1 Nolan Patrick Dryden Hunt Sebastian Collberg 40 1 2 2
2 Alex Barre-Boulet Alexander Barabanov Owen Tippet 30 1 2 2
3 Jake Marchment Yegor Korshkov Linus Sandin 20 1 2 2
4 Shane Pinto Jakub Lauko Alexander Volkov 10 1 2 2
5 vs 5 Defense
Defense Defense Time % Phy DF OF
1 Derrick Pouliot Colton White 40 1 2 2
2 Ryan Culkin K'Andre Miller 30 1 2 2
3 Cale Fleury Joshua Jacobs 20 1 2 2
4 Derrick Pouliot Colton White 10 1 2 2
PowerPlay Forward
Center Left Wing Right Wing Time % Phy DF OF
1 Nolan Patrick Dryden Hunt Sebastian Collberg 60 1 2 2
2 Alex Barre-Boulet Alexander Barabanov Owen Tippet 40 1 2 2
PowerPlay Defense
Defense Defense Time % Phy DF OF
1 Derrick Pouliot Colton White 60 1 2 2
2 Ryan Culkin K'Andre Miller 40 1 2 2
Penalty Kill 4 Players Forward
Center Wing Time % Phy DF OF
1 Nolan Patrick Dryden Hunt 60 1 2 2
2 Alex Barre-Boulet Alexander Barabanov 40 1 2 2
Penalty Kill 4 Players Defense
Defense Defense Time % Phy DF OF
1 Derrick Pouliot Colton White 60 1 2 2
2 Ryan Culkin K'Andre Miller 40 1 2 2
Penalty Kill - 3 Players Forward
Forward Time % Phy DF OF
1 Nolan Patrick 60 1 2 2
2 Alex Barre-Boulet 40 1 2 2
Penalty Kill - 3 Players Defense
Defense Defense Time % Phy DF OF
1 Derrick Pouliot Colton White 60 1 2 2
2 Ryan Culkin K'Andre Miller 40 1 2 2
4 vs 4 Forward
Center Wing Time % Phy DF OF
1 Nolan Patrick Dryden Hunt 60 1 2 2
2 Alex Barre-Boulet Alexander Barabanov 40 1 2 2
4 vs 4 Defense
Defense Defense Time % Phy DF OF
1 Derrick Pouliot Colton White 60 1 2 2
2 Ryan Culkin K'Andre Miller 40 1 2 2
Last Minutes Offensive
Center Left Wing Right Wing Defense Defense
Nolan Patrick Dryden Hunt Sebastian Collberg Derrick Pouliot Colton White
Last Minutes Defensive
Center Left Wing Right Wing Defense Defense
Nolan Patrick Dryden Hunt Sebastian Collberg Derrick Pouliot Colton White
Goaltenders
Starting : Charlie Lindgren
Backup : Samuel Ersson
Extra Forwards
Normal : Alexander Barabanov, Alex Barre-Boulet, Jake Marchment - PP : Alexander Barabanov, Alex Barre-Boulet - PK : Alexander Barabanov
Extra Defensemen
Normal : K'Andre Miller, Cale Fleury, Joshua Jacobs - PP : K'Andre Miller - PK : K'Andre Miller, Cale Fleury
Penalty Shots
Sebastian Collberg, Nolan Patrick, Owen Tippet, Dryden Hunt, Alexander Barabanov
Custom OT Lines Forwards
Sebastian Collberg, Nolan Patrick, Owen Tippet, Dryden Hunt, Alexander Barabanov, Alex Barre-Boulet, Jake Marchment, Linus Sandin, Alexander Volkov, Yegor Korshkov
Custom OT Lines Defensemen
Derrick Pouliot, Colton White, Ryan Culkin, K'Andre Miller, Cale Fleury
Scratches
Ryan Poehling (Healthy), Mason Shaw (Healthy), Ben Jones (Healthy), Samuel Houde (Healthy), Dylan Samberg (Healthy)
Mikhail Vorobyev (Healthy), Andrew Peeke (Healthy), Dante Fabbro (Healthy), Jeffrey Viel (Healthy), Jack Drury (Healthy)
Martin Kaut (Healthy), Mathias Laferriere (Healthy), Maxwell Crozier (Healthy), Will Francis (Healthy), Andrei Altybarmakyan (Fractured Orbital Bone Injury)
Dustin Wolf (Healthy)
% Time on Ice - Eagles
Lines # - Real PCT - Wanted PCT - Time Play
Normal Forward
1 - 34% - 36% - 17:29
2 - 30% - 33% - 15:50
3 - 19% - 21% - 9:56
4 - 17% - 10% - 8:51
Normal Defense
1 - 35% - 35% - 18:18
2 - 34% - 35% - 17:52
3 - 30% - 30% - 15:44
4 - 0% - 0% - 0:12
PP Forward
1 - 53% - 50% - 3:08
2 - 47% - 50% - 2:47
PP Defense
1 - 52% - 55% - 3:04
2 - 48% - 45% - 2:51
PK Forward
1 - 77% - 65% - 1:32
2 - 23% - 35% - 0:27
PK Defense
1 - 70% - 65% - 1:23
2 - 30% - 35% - 0:36
PK3 Forward
1 - 0% - 65%
2 - 0% - 35%
PK3 Defense
1 - 0% - 70%
2 - 0% - 30%
44 Forward
1 - 0% - 50%
2 - 0% - 50%
44 Defense
1 - 0% - 50%
2 - 0% - 50%
Last Minute Offensive - 0:00
Last Minute Defensive - 0:00
Total
Forward - 60:00
Defense - 60:00
|
% Time on Ice - Wolfpack
Lines # - Real PCT - Wanted PCT - Time Play
Normal Forward
1 - 33% - 40% - 17:16
2 - 29% - 30% - 14:56
3 - 21% - 20% - 10:46
4 - 18% - 10% - 9:08
Normal Defense
1 - 37% - 40% - 19:20
2 - 35% - 30% - 17:59
3 - 25% - 20% - 13:05
4 - 3% - 10% - 1:42
PP Forward
1 - 54% - 60% - 1:04
2 - 46% - 40% - 0:55
PP Defense
1 - 51% - 60% - 1:01
2 - 49% - 40% - 0:58
PK Forward
1 - 83% - 60% - 4:54
2 - 17% - 40% - 1:01
PK Defense
1 - 47% - 60% - 2:48
2 - 53% - 40% - 3:07
PK3 Forward
1 - 0% - 60%
2 - 0% - 40%
PK3 Defense
1 - 0% - 60%
2 - 0% - 40%
44 Forward
1 - 0% - 60%
2 - 0% - 40%
44 Defense
1 - 0% - 60%
2 - 0% - 40%
Last Minute Offensive - 0:00
Last Minute Defensive - 0:00
Total
Forward - 60:00
Defense - 60:00
|
Play-by-Play
1st period
0:01 of 1st period - Michael Carcone wins face-off versus Nolan Patrick in neutral zone.
0:04 of 1st period - Snap shot by Gabriel Vilardi.
0:04 of 1st period - Stopped by Charlie Lindgren with a rebound.
0:12 of 1st period - Wrist shot by Jack Hughes.
0:12 of 1st period - Shot Misses the Net.
1:08 of 1st period - Wrist shot by Sam Steel.
1:08 of 1st period - Deflect By Pius Suter.
1:08 of 1st period - Shot Blocked by Cale Fleury.
1:08 of 1st period - Puck is out of play.
1:09 of 1st period - Alexander Volkov wins face-off versus Sam Steel in Wolfpack zone.
1:09 of 1st period - Alexander Volkov is hit by Pius Suter.
1:35 of 1st period - Tyler Motte is hit by Dryden Hunt and loses puck.
1:40 of 1st period - Wrist shot by Sebastian Collberg.
1:40 of 1st period - Shot Misses the Net.
1:58 of 1st period - Snap shot by Alexander Barabanov.
1:58 of 1st period - Stopped by Adin Hill with a rebound.
2:00 of 1st period - Snap shot by Alex Barre-Boulet.
2:00 of 1st period - Shot Misses the Net.
2:02 of 1st period - Wrist shot by Owen Tippet.
2:02 of 1st period - Stopped by Adin Hill without a rebound.
2:03 of 1st period - Zach Aston-Reese wins face-off versus Owen Tippet in Eagles zone.
2:03 of 1st period - Zach Aston-Reese is hit by Owen Tippet.
2:18 of 1st period - Snap shot by Zach Aston-Reese.
2:18 of 1st period - Goal by Zach Aston-Reese - Eagles : 1 - Wolfpack : 0.
2:19 of 1st period - Nolan Patrick wins face-off versus Jack Hughes in neutral zone.
2:28 of 1st period - Snap shot by Nolan Patrick.
2:28 of 1st period - Shot Misses the Net.
2:30 of 1st period - Slapshot by Colton White.
2:30 of 1st period - Stopped by Adin Hill without a rebound.
2:31 of 1st period - Jared McCann wins face-off versus Jake Marchment in Eagles zone.
2:55 of 1st period - Icing by Derrick Pouliot.
2:56 of 1st period - Nolan Patrick wins face-off versus Sam Steel in Wolfpack zone.
3:27 of 1st period - Jack Hughes is hit by Alex Barre-Boulet and loses puck.
3:40 of 1st period - Tyler Motte is hit by Jake Marchment.
3:44 of 1st period - Linus Sandin is hit by Tyler Motte and loses puck.
4:22 of 1st period - Off-side.
4:23 of 1st period - Alex Barre-Boulet wins face-off versus Sam Steel in neutral zone.
4:49 of 1st period - Backhand shot by Sebastian Collberg.
4:49 of 1st period - Stopped by Adin Hill without a rebound.
4:50 of 1st period - Jack Hughes wins face-off versus Nolan Patrick in Eagles zone.
5:34 of 1st period - Snap shot by Jack Hughes.
5:34 of 1st period - Shot Misses the Net.
6:10 of 1st period - Wrist shot by Yegor Korshkov.
6:10 of 1st period - Stopped by Adin Hill with a rebound.
6:12 of 1st period - Slapshot by Linus Sandin.
6:12 of 1st period - Deflect By Yegor Korshkov.
6:12 of 1st period - Stopped by Adin Hill with a rebound.
6:16 of 1st period - Wrist shot by Linus Sandin.
6:16 of 1st period - Shot Misses the Net.
6:28 of 1st period - Slapshot by Jack Hughes.
6:28 of 1st period - Stopped by Charlie Lindgren with a rebound.
6:36 of 1st period - Snap shot by Jake Marchment.
6:36 of 1st period - Shot Blocked by Keaton Middleton.
6:38 of 1st period - Slapshot by Cale Fleury.
6:38 of 1st period - Shot Hit the Post.
6:54 of 1st period - Snap shot by Michael Carcone.
6:54 of 1st period - Stopped by Charlie Lindgren without a rebound.
6:55 of 1st period - Nolan Patrick wins face-off versus Jared McCann in Wolfpack zone.
7:04 of 1st period - Wrist shot by Derrick Pouliot.
7:04 of 1st period - Stopped by Adin Hill with a rebound.
7:10 of 1st period - Snap shot by Tyler Motte.
7:10 of 1st period - Shot Misses the Net.
7:24 of 1st period - Snap shot by Zach Aston-Reese.
7:24 of 1st period - Shot Misses the Net.
7:26 of 1st period - Backhand shot by Brett Leason.
7:26 of 1st period - Shot Misses the Net.
7:28 of 1st period - Backhand shot by Michael Dal Colle.
7:28 of 1st period - Shot Blocked by Colton White.
7:44 of 1st period - Snap shot by Dryden Hunt.
7:44 of 1st period - Shot Blocked by Mattias Samuelsson.
8:12 of 1st period - Snap shot by Alexander Volkov.
8:12 of 1st period - Stopped by Adin Hill without a rebound.
8:13 of 1st period - Sam Steel wins face-off versus Alex Barre-Boulet in Eagles zone.
8:16 of 1st period - Slapshot by Owen Tippet.
8:16 of 1st period - Stopped by Adin Hill with a rebound.
8:22 of 1st period - Wrist shot by Alex Barre-Boulet.
8:22 of 1st period - Stopped by Adin Hill without a rebound.
8:23 of 1st period - Sam Steel wins face-off versus Alex Barre-Boulet in Eagles zone.
8:40 of 1st period - Wrist shot by Alex Barre-Boulet.
8:40 of 1st period - Shot Misses the Net.
8:42 of 1st period - Slapshot by K'Andre Miller.
8:42 of 1st period - Stopped by Adin Hill without a rebound.
8:43 of 1st period - Jared McCann wins face-off versus Nolan Patrick in Eagles zone.
8:43 of 1st period - Jared McCann is hit by K'Andre Miller.
9:13 of 1st period - Snap shot by Jared McCann.
9:13 of 1st period - Stopped by Charlie Lindgren with a rebound.
9:15 of 1st period - Snap shot by Sam Steel.
9:15 of 1st period - Shot Blocked by Owen Tippet.
9:17 of 1st period - Slapshot by Jonathan Racine.
9:17 of 1st period - Goal by Jonathan Racine - Eagles : 2 - Wolfpack : 0.
9:18 of 1st period - Nolan Patrick wins face-off versus Matteson Iacopelli in neutral zone.
9:44 of 1st period - Minor Penalty to Mattias Samuelsson for Cross-checking.
9:45 of 1st period - Jared McCann wins face-off versus Nolan Patrick in Eagles zone.
10:55 of 1st period - Off-side.
10:56 of 1st period - Alex Barre-Boulet wins face-off versus Sam Steel in neutral zone.
11:01 of 1st period - Snap shot by Alexander Barabanov.
11:01 of 1st period - Stopped by Adin Hill without a rebound.
11:02 of 1st period - Gabriel Vilardi wins face-off versus Alex Barre-Boulet in Eagles zone.
11:29 of 1st period - Wrist shot by Dryden Hunt.
11:29 of 1st period - Deflect By Nolan Patrick.
11:29 of 1st period - Shot Misses the Net.
11:29 of 1st period - Puck is out of play.
11:30 of 1st period - Nolan Patrick wins face-off versus Jared McCann in Eagles zone.
11:44 of 1st period - Penalty to Mattias Samuelsson is over, Mattias Samuelsson is back on ice.
13:16 of 1st period - Mattias Samuelsson is hit by Alex Barre-Boulet.
14:05 of 1st period - Wrist shot by Michael Carcone.
14:05 of 1st period - Stopped by Charlie Lindgren with a rebound.
14:07 of 1st period - Snap shot by Matthew Phillips.
14:07 of 1st period - Goal by Matthew Phillips - Eagles : 3 - Wolfpack : 0.
14:08 of 1st period - Jared McCann wins face-off versus Nolan Patrick in neutral zone.
14:18 of 1st period - Tyler Motte is hit by Nolan Patrick.
14:42 of 1st period - Snap shot by Tyler Motte.
14:42 of 1st period - Shot Misses the Net.
14:44 of 1st period - Slapshot by Keaton Middleton.
14:44 of 1st period - Shot Misses the Net.
14:46 of 1st period - Slapshot by Keaton Middleton.
14:46 of 1st period - Stopped by Charlie Lindgren with a rebound.
14:48 of 1st period - Slapshot by Connor Carrick.
14:48 of 1st period - Shot Misses the Net.
14:52 of 1st period - Wrist shot by Tyler Motte.
14:52 of 1st period - Shot Blocked by Jakub Lauko.
15:19 of 1st period - Ryan Culkin is hit by Jared McCann and loses puck.
15:28 of 1st period - Slapshot by Matteson Iacopelli.
15:28 of 1st period - Shot Misses the Net.
15:32 of 1st period - Snap shot by Jared McCann.
15:32 of 1st period - Shot Misses the Net.
15:34 of 1st period - Snap shot by Keaton Middleton.
15:34 of 1st period - Deflect By Ryan Culkin.
15:34 of 1st period - Stopped by Charlie Lindgren with a rebound.
15:38 of 1st period - Snap shot by Tyler Motte.
15:38 of 1st period - Stopped by Charlie Lindgren with a rebound.
15:40 of 1st period - Snap shot by Keaton Middleton.
15:40 of 1st period - Shot Misses the Net.
16:00 of 1st period - K'Andre Miller is hit by Keaton Middleton.
16:14 of 1st period - Slapshot by Matteson Iacopelli.
16:14 of 1st period - Stopped by Charlie Lindgren with a rebound.
16:16 of 1st period - Snap shot by Keaton Middleton.
16:16 of 1st period - Stopped by Charlie Lindgren with a rebound.
16:20 of 1st period - Snap shot by Jared McCann.
16:20 of 1st period - Shot Misses the Net.
16:48 of 1st period - Snap shot by Jared McCann.
16:48 of 1st period - Stopped by Charlie Lindgren with a rebound.
17:06 of 1st period - K'Andre Miller is hit by Jared McCann and loses puck.
17:15 of 1st period - Slapshot by Ryan Culkin.
17:15 of 1st period - Deflect By Alexander Volkov.
17:15 of 1st period - Shot Misses the Net.
17:15 of 1st period - Puck is out of play.
17:16 of 1st period - Jack Hughes wins face-off versus Dryden Hunt in Eagles zone.
17:41 of 1st period - Wrist shot by Zach Aston-Reese.
17:41 of 1st period - Stopped by Charlie Lindgren with a rebound.
17:53 of 1st period - Off-side.
17:54 of 1st period - Jack Hughes wins face-off versus Alex Barre-Boulet in neutral zone.
18:09 of 1st period - Snap shot by Owen Tippet.
18:09 of 1st period - Stopped by Adin Hill without a rebound.
18:10 of 1st period - Jake Marchment wins face-off versus Sam Steel in Eagles zone.
18:27 of 1st period - Derrick Pouliot is hit by Pius Suter and loses puck.
18:44 of 1st period - Snap shot by Nolan Patrick.
18:44 of 1st period - Shot Misses the Net.
18:46 of 1st period - Snap shot by Sebastian Collberg.
18:46 of 1st period - Shot Misses the Net.
19:50 of 1st period - Alexander Barabanov is hit by Kevin Bahl and loses puck.
Goals for this period are 3 for Eagles vs 0 for Wolfpack.
Shots for this period are 15 for Eagles vs 13 for Wolfpack.
2nd period
0:01 of 2nd period - Jack Hughes wins face-off versus Sebastian Collberg in neutral zone.
1:14 of 2nd period - Snap shot by Sebastian Collberg.
1:14 of 2nd period - Stopped by Adin Hill with a rebound.
1:20 of 2nd period - Zach Aston-Reese is hit by Sebastian Collberg.
1:30 of 2nd period - Mattias Samuelsson is hit by Alexander Volkov and loses puck.
1:39 of 2nd period - Jakub Lauko is hit by Gabriel Vilardi and loses puck.
2:36 of 2nd period - Snap shot by Jack Hughes.
2:36 of 2nd period - Deflect By Gabriel Vilardi.
2:36 of 2nd period - Stopped by Charlie Lindgren without a rebound.
2:37 of 2nd period - Jack Hughes wins face-off versus Nolan Patrick in Wolfpack zone.
3:28 of 2nd period - Wrist shot by Pius Suter.
3:28 of 2nd period - Deflect By Derrick Pouliot.
3:28 of 2nd period - Stopped by Charlie Lindgren with a rebound.
3:30 of 2nd period - Backhand shot by Connor Carrick.
3:30 of 2nd period - Shot Misses the Net.
4:28 of 2nd period - Alex Barre-Boulet is hit by Jared McCann and loses puck.
4:43 of 2nd period - Jack Dougherty is hit by Sebastian Collberg and loses puck.
5:09 of 2nd period - Michael Dal Colle is hit by Yegor Korshkov and loses puck.
6:26 of 2nd period - Jonathan Racine is hit by Jake Marchment and loses puck.
6:43 of 2nd period - Jake Marchment is hit by Jonathan Racine and loses puck.
6:54 of 2nd period - Wrist shot by Michael Dal Colle.
6:54 of 2nd period - Shot Blocked by Jake Marchment.
7:10 of 2nd period - Slapshot by Colton White.
7:10 of 2nd period - Shot Misses the Net.
7:12 of 2nd period - Wrist shot by Yegor Korshkov.
7:12 of 2nd period - Shot Misses the Net.
7:14 of 2nd period - Snap shot by Colton White.
7:14 of 2nd period - Shot Misses the Net.
7:16 of 2nd period - Slapshot by Derrick Pouliot.
7:16 of 2nd period - Stopped by Adin Hill with a rebound.
7:18 of 2nd period - Slapshot by Derrick Pouliot.
7:18 of 2nd period - Deflect By Jonathan Racine.
7:18 of 2nd period - Stopped by Adin Hill without a rebound.
7:19 of 2nd period - Jack Hughes wins face-off versus Nolan Patrick in Eagles zone.
7:44 of 2nd period - Jared McCann is hit by Alexander Barabanov and loses puck.
7:51 of 2nd period - Snap shot by Alexander Barabanov.
7:51 of 2nd period - Deflect By Alex Barre-Boulet.
7:51 of 2nd period - Goal by Alex Barre-Boulet - Eagles : 3 - Wolfpack : 1.
7:52 of 2nd period - Jack Hughes wins face-off versus Nolan Patrick in neutral zone.
9:31 of 2nd period - Snap shot by Jack Hughes.
9:31 of 2nd period - Stopped by Charlie Lindgren without a rebound.
9:32 of 2nd period - Shane Pinto wins face-off versus Jack Hughes in Wolfpack zone.
10:19 of 2nd period - Wrist shot by Alexander Volkov.
10:19 of 2nd period - Stopped by Adin Hill with a rebound.
10:21 of 2nd period - Slapshot by Joshua Jacobs.
10:21 of 2nd period - Shot Blocked by Mattias Samuelsson.
10:23 of 2nd period - Slapshot by Colton White.
10:23 of 2nd period - Deflect By Shane Pinto.
10:23 of 2nd period - Stopped by Adin Hill without a rebound.
10:24 of 2nd period - Nolan Patrick wins face-off versus Jack Hughes in Eagles zone.
10:29 of 2nd period - Snap shot by Sebastian Collberg.
10:29 of 2nd period - Shot Misses the Net.
10:57 of 2nd period - Wrist shot by Alexander Barabanov.
10:57 of 2nd period - Stopped by Adin Hill without a rebound.
10:58 of 2nd period - Alex Barre-Boulet wins face-off versus Jack Hughes in Eagles zone.
11:33 of 2nd period - Double Minor Penalty to Ryan Culkin for High sticking.
11:34 of 2nd period - Jared McCann wins face-off versus Dryden Hunt in Wolfpack zone.
12:26 of 2nd period - Alex Barre-Boulet is hit by Jared McCann and loses puck.
12:41 of 2nd period - Keaton Middleton is hit by K'Andre Miller.
13:35 of 2nd period - Wrist shot by Matteson Iacopelli.
13:35 of 2nd period - Stopped by Charlie Lindgren without a rebound.
13:36 of 2nd period - Zach Aston-Reese wins face-off versus Nolan Patrick in Wolfpack zone.
13:59 of 2nd period - Nolan Patrick is hit by Mattias Samuelsson.
15:33 of 2nd period - Penalty to Ryan Culkin is over, Ryan Culkin is back on ice.
15:38 of 2nd period - Icing by Ryan Culkin.
15:39 of 2nd period - Zach Aston-Reese wins face-off versus Jake Marchment in Wolfpack zone.
16:07 of 2nd period - Off-side.
16:08 of 2nd period - Jared McCann wins face-off versus Alex Barre-Boulet in neutral zone.
16:11 of 2nd period - Wrist shot by Tyler Motte.
16:11 of 2nd period - Shot Misses the Net.
17:01 of 2nd period - Joshua Jacobs is hit by Sam Steel and loses puck.
17:15 of 2nd period - Off-side.
17:16 of 2nd period - Zach Aston-Reese wins face-off versus Alex Barre-Boulet in neutral zone.
17:39 of 2nd period - Slapshot by Colton White.
17:39 of 2nd period - Shot Blocked by Michael Dal Colle.
18:36 of 2nd period - Snap shot by Zach Aston-Reese.
18:36 of 2nd period - Stopped by Charlie Lindgren with a rebound.
18:38 of 2nd period - Snap shot by Brett Leason.
18:38 of 2nd period - Shot Blocked by K'Andre Miller.
18:40 of 2nd period - Backhand shot by Keaton Middleton.
18:40 of 2nd period - Shot Misses the Net.
18:45 of 2nd period - Minor Penalty to Alexander Barabanov for High sticking.
18:46 of 2nd period - Jack Hughes wins face-off versus Nolan Patrick in Wolfpack zone.
18:46 of 2nd period - Slapshot by Pius Suter.
18:46 of 2nd period - Stopped by Charlie Lindgren with a rebound.
19:32 of 2nd period - Derrick Pouliot is hit by Pius Suter and loses puck.
19:59 of 2nd period - Mattias Samuelsson is hit by Ryan Culkin and loses puck.
Goals for this period are 0 for Eagles vs 1 for Wolfpack.
Shots for this period are 6 for Eagles vs 7 for Wolfpack.
3rd period
0:01 of 3rd period - Nolan Patrick wins face-off versus Matthew Phillips in neutral zone.
0:35 of 3rd period - Snap shot by Jack Dougherty.
0:35 of 3rd period - Stopped by Charlie Lindgren without a rebound.
0:36 of 3rd period - Jack Hughes wins face-off versus Alex Barre-Boulet in Wolfpack zone.
0:41 of 3rd period - Wrist shot by Jack Hughes.
0:41 of 3rd period - Goal by Jack Hughes - Eagles : 4 - Wolfpack : 1.
0:42 of 3rd period - Nolan Patrick wins face-off versus Jack Hughes in neutral zone.
0:53 of 3rd period - Wrist shot by Jack Hughes.
0:53 of 3rd period - Deflect By Derrick Pouliot.
0:53 of 3rd period - Shot Misses the Net.
0:53 of 3rd period - Puck is out of play.
0:54 of 3rd period - Nolan Patrick wins face-off versus Michael Carcone in Wolfpack zone.
1:04 of 3rd period - Wrist shot by Gabriel Vilardi.
1:04 of 3rd period - Stopped by Charlie Lindgren with a rebound.
1:28 of 3rd period - Snap shot by Matthew Phillips.
1:28 of 3rd period - Shot Blocked by Ryan Culkin.
1:30 of 3rd period - Snap shot by Matthew Phillips.
1:30 of 3rd period - Stopped by Charlie Lindgren without a rebound.
1:31 of 3rd period - Jack Hughes wins face-off versus Alex Barre-Boulet in Wolfpack zone.
1:57 of 3rd period - Tyler Motte is hit by Derrick Pouliot.
2:23 of 3rd period - Snap shot by Jakub Lauko.
2:23 of 3rd period - Goal by Jakub Lauko - Eagles : 4 - Wolfpack : 2.
2:24 of 3rd period - Nolan Patrick wins face-off versus Jack Hughes in neutral zone.
3:12 of 3rd period - Pius Suter is hit by Linus Sandin and loses puck.
3:52 of 3rd period - Slapshot by Keaton Middleton.
3:52 of 3rd period - Stopped by Charlie Lindgren without a rebound.
3:53 of 3rd period - Jack Hughes wins face-off versus Nolan Patrick in Wolfpack zone.
4:26 of 3rd period - Wrist shot by Owen Tippet.
4:26 of 3rd period - Deflect By Alex Barre-Boulet.
4:26 of 3rd period - Shot Misses the Net.
4:26 of 3rd period - Puck is out of play.
4:27 of 3rd period - Alex Barre-Boulet wins face-off versus Jared McCann in Eagles zone.
4:28 of 3rd period - Snap shot by Alexander Barabanov.
4:28 of 3rd period - Stopped by Adin Hill with a rebound.
4:30 of 3rd period - Snap shot by Alexander Barabanov.
4:30 of 3rd period - Shot Misses the Net.
4:32 of 3rd period - Slapshot by Derrick Pouliot.
4:32 of 3rd period - Shot Blocked by Jared McCann.
4:34 of 3rd period - Wrist shot by Alexander Barabanov.
4:34 of 3rd period - Stopped by Adin Hill without a rebound.
4:35 of 3rd period - Sebastian Collberg wins face-off versus Matteson Iacopelli in Eagles zone.
4:44 of 3rd period - Wrist shot by Sebastian Collberg.
4:44 of 3rd period - Goal by Sebastian Collberg - Eagles : 4 - Wolfpack : 3.
4:45 of 3rd period - Nolan Patrick wins face-off versus Jack Hughes in neutral zone.
4:51 of 3rd period - Derrick Pouliot is hit by Connor Carrick and loses puck.
6:04 of 3rd period - Off-side.
6:05 of 3rd period - Nolan Patrick wins face-off versus Jack Hughes in neutral zone.
6:17 of 3rd period - Icing by Jonathan Racine.
6:18 of 3rd period - Nolan Patrick wins face-off versus Jack Hughes in Eagles zone.
6:35 of 3rd period - K'Andre Miller is hit by Michael Carcone and loses puck.
6:52 of 3rd period - Backhand shot by Jack Hughes.
6:52 of 3rd period - Stopped by Charlie Lindgren with a rebound.
6:54 of 3rd period - Wrist shot by Gabriel Vilardi.
6:54 of 3rd period - Shot Misses the Net.
6:56 of 3rd period - Snap shot by Jack Hughes.
6:56 of 3rd period - Shot Blocked by Ryan Culkin.
7:02 of 3rd period - Gabriel Vilardi is hit by Owen Tippet and loses puck.
7:35 of 3rd period - Jakub Lauko is hit by Tyler Motte and loses puck.
7:52 of 3rd period - Dryden Hunt is hit by Michael Dal Colle and loses puck.
8:05 of 3rd period - Snap shot by Nolan Patrick.
8:05 of 3rd period - Deflect By Sebastian Collberg.
8:05 of 3rd period - Shot Misses the Net.
8:05 of 3rd period - Puck is out of play.
8:06 of 3rd period - Alex Barre-Boulet wins face-off versus Jared McCann in Eagles zone.
8:21 of 3rd period - Wrist shot by Jared McCann.
8:21 of 3rd period - Stopped by Charlie Lindgren with a rebound.
8:40 of 3rd period - Sam Steel is hit by Nolan Patrick and loses puck.
8:51 of 3rd period - Snap shot by Zach Aston-Reese.
8:51 of 3rd period - Stopped by Charlie Lindgren with a rebound.
8:53 of 3rd period - Snap shot by Michael Dal Colle.
8:53 of 3rd period - Stopped by Charlie Lindgren without a rebound.
8:54 of 3rd period - Alex Barre-Boulet wins face-off versus Zach Aston-Reese in Wolfpack zone.
9:26 of 3rd period - Snap shot by Alex Barre-Boulet.
9:26 of 3rd period - Shot Misses the Net.
9:44 of 3rd period - Snap shot by Sebastian Collberg.
9:44 of 3rd period - Stopped by Adin Hill without a rebound.
9:45 of 3rd period - Nolan Patrick wins face-off versus Jared McCann in Eagles zone.
9:56 of 3rd period - Snap shot by Nolan Patrick.
9:56 of 3rd period - Stopped by Adin Hill without a rebound.
9:57 of 3rd period - Jack Hughes wins face-off versus Nolan Patrick in Eagles zone.
10:22 of 3rd period - Jack Dougherty is hit by Alex Barre-Boulet and loses puck.
10:29 of 3rd period - Slapshot by Mattias Samuelsson.
10:29 of 3rd period - Shot Misses the Net.
10:31 of 3rd period - Wrist shot by Matteson Iacopelli.
10:31 of 3rd period - Stopped by Charlie Lindgren with a rebound.
10:47 of 3rd period - Snap shot by Linus Sandin.
10:47 of 3rd period - Stopped by Adin Hill with a rebound.
11:25 of 3rd period - Wrist shot by Gabriel Vilardi.
11:25 of 3rd period - Stopped by Charlie Lindgren with a rebound.
11:44 of 3rd period - Snap shot by Alexander Barabanov.
11:44 of 3rd period - Shot Hit the Post.
12:08 of 3rd period - Linus Sandin is hit by Tyler Motte and loses puck.
12:13 of 3rd period - Wrist shot by Matteson Iacopelli.
12:13 of 3rd period - Stopped by Charlie Lindgren with a rebound.
12:15 of 3rd period - Snap shot by Matteson Iacopelli.
12:15 of 3rd period - Goal by Matteson Iacopelli - Eagles : 5 - Wolfpack : 3.
12:16 of 3rd period - Nolan Patrick wins face-off versus Jared McCann in neutral zone.
12:47 of 3rd period - Snap shot by Alex Barre-Boulet.
12:47 of 3rd period - Shot Blocked by Connor Carrick.
12:49 of 3rd period - Slapshot by Owen Tippet.
12:49 of 3rd period - Shot Blocked by Gabriel Vilardi.
12:51 of 3rd period - Snap shot by Colton White.
12:51 of 3rd period - Stopped by Adin Hill with a rebound.
12:53 of 3rd period - Wrist shot by Alex Barre-Boulet.
12:53 of 3rd period - Stopped by Adin Hill with a rebound.
13:51 of 3rd period - Slapshot by Ryan Culkin.
13:51 of 3rd period - Deflect By Nolan Patrick.
13:51 of 3rd period - Stopped by Adin Hill with a rebound.
13:53 of 3rd period - Slapshot by Ryan Culkin.
13:53 of 3rd period - Stopped by Adin Hill without a rebound.
13:54 of 3rd period - Jared McCann wins face-off versus Nolan Patrick in Eagles zone.
14:03 of 3rd period - Wrist shot by Nolan Patrick.
14:03 of 3rd period - Stopped by Adin Hill with a rebound.
14:28 of 3rd period - Wrist shot by Owen Tippet.
14:28 of 3rd period - Deflect By Alexander Barabanov.
14:28 of 3rd period - Shot Misses the Net.
14:28 of 3rd period - Puck is out of play.
14:29 of 3rd period - Alexander Barabanov wins face-off versus Jack Hughes in Eagles zone.
14:30 of 3rd period - Snap shot by Owen Tippet.
14:30 of 3rd period - Stopped by Adin Hill with a rebound.
14:50 of 3rd period - Alexander Barabanov is hit by Michael Carcone and loses puck.
14:58 of 3rd period - Icing by Alexander Barabanov.
14:59 of 3rd period - Jared McCann wins face-off versus Alex Barre-Boulet in Wolfpack zone.
15:00 of 3rd period - Backhand shot by Matteson Iacopelli.
15:00 of 3rd period - Shot Misses the Net.
15:02 of 3rd period - Slapshot by Jack Dougherty.
15:02 of 3rd period - Shot Blocked by Cale Fleury.
15:04 of 3rd period - Wrist shot by Jared McCann.
15:04 of 3rd period - Shot Blocked by Cale Fleury.
16:04 of 3rd period - Slapshot by Derrick Pouliot.
16:04 of 3rd period - Stopped by Adin Hill with a rebound.
16:12 of 3rd period - Snap shot by Jakub Lauko.
16:12 of 3rd period - Shot Misses the Net.
16:48 of 3rd period - Slapshot by Derrick Pouliot.
16:48 of 3rd period - Deflect By Yegor Korshkov.
16:48 of 3rd period - Shot Misses the Net.
16:48 of 3rd period - Puck is out of play.
16:49 of 3rd period - Sam Steel wins face-off versus Jake Marchment in Eagles zone.
17:24 of 3rd period - Snap shot by Jack Hughes.
17:24 of 3rd period - Shot Misses the Net.
18:35 of 3rd period - Slapshot by Mattias Samuelsson.
18:35 of 3rd period - Stopped by Charlie Lindgren with a rebound.
19:19 of 3rd period - Jake Marchment is hit by Matthew Phillips.
Goals for this period are 2 for Eagles vs 2 for Wolfpack.
Shots for this period are 14 for Eagles vs 14 for Wolfpack.